 Dungeon Crawl Stone Soup version 0.24-a0-201-gf2055891f0 (webtiles) character file.

Game seed: 13402243302824916661

195 MrRokkomies the Skirmisher (level 5, 0/88 HPs)
             Began as an Ogre Hunter on Mar 19, 2019.
             Succumbed to an orc's poison
             ... on level 4 of the Dungeon.
             The game lasted 00:09:14 (3104 turns).

MrRokkomies the Skirmisher (Ogre Hunter)            Turns: 3104, Time: 00:09:14

Health: 0/88       AC: 22    Str: 16    XL:     5   Next: 74%
Magic:  5/5        EV:  1    Int: 12    God:
Gold:   178        SH:  0    Dex: 15    Spells: 2/4 levels left

rFire    . . .     SeeInvis .   a - +1 flail (venom)
rCold    . . .     Gourm    .   (no shield)
rNeg     + + +     Faith    .   (armour currently unavailable)
rPois    +         Spirit   +   (helmet currently unavailable)
rElec    .         Reflect  .   (cloak currently unavailable)
rCorr    .         Harm     .   (gloves unavailable)
MR       +....     NoTele   +   (boots unavailable)
Stlth    +++.......             q - amulet of guardian spirit
HPRegen  0.24/turn              x - ring of protection from magic
MPRegen  0.09/turn              z - +1 ring of evasion

@: agile, lethally poisoned (0 -> -2), tree-form, very slightly contaminated,
invisible
A: large, unfitting armour
a: no special abilities


You were on level 4 of the Dungeon.
You were very hungry.
You were a tree.
You visited 1 branch of the dungeon, and saw 4 of its levels.

You collected 178 gold pieces.

Inventory:

Hand Weapons
 a - a +1 flail of venom (weapon)
Missiles
 d - 2 throwing nets
 e - 89 stones (quivered)
 m - 15 poisoned needles
 s - 8 needles of paralysis
Armour
 b - a +0 robe (melded)
 j - a +2 cloak (melded)
 v - a +2 hat (melded)
Jewellery
 q - an amulet of guardian spirit (around neck)
 x - a ring of protection from magic (left branch)
 z - a +1 ring of evasion (right branch)
Wands
 p - a wand of disintegration (9)
Scrolls
 r - 5 scrolls of remove curse
 t - a scroll of fog {unknown}
 u - a scroll of enchant weapon {unknown}
Potions
 h - a potion of brilliance
 i - a potion of resistance
Comestibles
 f - 7 rations


   Skills:
 * Level 5.6 Fighting
 * Level 5.5 Throwing
 - Level 1.7 Dodging
 - Level 0.6 Stealth


You had 2 spell levels left.
You knew the following spells:

 Your Spells              Type           Power        Failure   Level  Hunger
a - Blink                 Tloc           N/A          45%         2    ###....

Your spell library contained the following spells:

 Spells                   Type           Power        Failure   Level  Hunger
 Magic Dart               Conj           #...         32%         1    ##.....
 Call Imp                 Summ           #.......     45%         2    ###....
 Slow                     Hex            #.......     45%         2    ###....
 Conjure Flame            Conj/Fire      #.......     69%         3    ####...
 Mephitic Cloud           Conj/Pois/Air  #.......     69%         3    ####...


Dungeon Overview and Level Annotations

Branches:
Dungeon (4/15)
 Temple: D:4-7

Altars:
Zin


Innate Abilities, Weirdness & Mutations

You are too large for most types of armour.
((You have tough skin. (AC +1)))


Message History

You sock the orc!
You kill the orc!
* * * LOW HITPOINT WARNING * * *
You feel sick.
Okay, then.
Unknown command.
Okay, then.
Unknown command.
There is a lethal amount of poison in your body!
* * * LOW HITPOINT WARNING * * *
You feel sick.
* * * LOW HITPOINT WARNING * * *
You feel sick.
* * * LOW HITPOINT WARNING * * *
You feel sick.
* * * LOW HITPOINT WARNING * * *
You feel sick.
* * * LOW HITPOINT WARNING * * *
You feel sick.
You die...

........................
########.####.#.###..#..
........(...........##.
##########.####.#..##...##
......####.# #.##.##...##
#.....##.####.##.##.#...
#.....'........#.##.####
#.....######...#..#†#
#.....)7##[.....#.#.####
#....(####......#.#.##..
#.....# #......#.#.##.#
#(....# #......#...##.#
..####.# #......##..##.#
... #.# #......##..##.. ..
#.# #......##..##.# ..#
#......##..####
#########......


There were no monsters in sight!

Vanquished Creatures
  An orc priest (D:4)
  2 orc wizards
  Terence (D:3)
  An adder (D:3)
  2 worms
  A dart slug (D:1)
  A leopard gecko (D:2)
  5 orcs
  4 ball pythons (D:1)
  3 giant cockroaches
  8 goblins
  4 hobgoblins
  3 jackals (D:4)
  3 quokkas
  6 bats
  4 frilled lizards
  5 kobolds
  6 rats
60 creatures vanquished.

Notes
Turn   | Place    | Note
-------+----------+-------------------------------------------
     0 | D:1      | MrRokkomies the Ogre Hunter began the quest for the Orb.
     0 | D:1      | Reached XP level 1. HP: 22/22 MP: 1/1
   337 | D:1      | Reached XP level 2. HP: 26/31 MP: 2/2
  1192 | D:2      | Reached XP level 3. HP: 39/39 MP: 3/3
  2468 | D:3      | Reached XP level 4. HP: 34/49 MP: 1/4
  2470 | D:3      | Reached skill level 5 in Throwing
  2499 | D:3      | Learned a level 2 spell: Blink
  2769 | D:3      | Noticed Terence
  2771 | D:3      | Killed Terence
  2771 | D:3      | Reached skill level 5 in Fighting
  2771 | D:3      | Reached XP level 5. HP: 57/57 MP: 5/5
  2805 | D:4      | Found a glowing silver altar of Zin.
  3096 | D:4      | HP: 4/88 [poisoned by an orc]
  3101 | D:4      | HP: 1/88 [poisoned by an orc]
  3104 | D:4      | Succumbed to an orc's poison

Levels and vault maps discovered:
D:1:      dpeg_arrival_windows_large_door, layout_loops_ring,
          minmay_shallow_snake_nest
D:2:      layout_basic, first_ration
D:3:      layout_basic, minmay_box_of_dots, uniq_terence
D:4:      layout_basic, lemuel_round_altar

Skill      XL: |  1  2  3  4 |
---------------+-------------+-----
Fighting       | 3 4 5 |  5.6
Throwing       | 5 |  5.5
Dodging        | |  1.7
Stealth        | |  0.6

Action                   |  1- 3 |  4- 6 || total
-------------------------+-------+-------++-------
Melee: Short sword       |    73 |       ||    73
       Flail             |    59 |    47 ||   106
Throw: Stone             |    15 |     1 ||    16
       Large rock        |     1 |     7 ||     8
  Use: Scroll            |     3 |     4 ||     7
       Potion            |     1 |     6 ||     7
 Stab: Sleeping          |     1 |     2 ||     3
       Invisible         |       |     1 ||     1
  Eat: Chunk             |     4 |     2 ||     6
Armor: Robe              |    43 |    33 ||    76
       Skin              |       |     7 ||     7
Dodge: Dodged            |    57 |    41 ||    98
Block: Large shield      |    10 |       ||    10

Table legend:
 A = Non-vault XP
 B = Vault XP
 C = Vault XP percentage of total XP
 D = Non-vault monster count
 E = Vault monster count
 F = Vault count percentage of total count
                 A         B        C        D         E       F
            +---------+---------+-------+---------+---------+-------
      Total |     230 |      49 |  17.6 |      52 |       8 |  13.3
            +---------+---------+-------+---------+---------+-------
        D:1 |      23 |       8 |  25.8 |      14 |       4 |  22.2
        D:2 |      23 |       0 |   0.0 |      12 |       0 |   0.0
        D:3 |      79 |      41 |  34.2 |      13 |       4 |  23.5
        D:4 |     105 |       0 |   0.0 |      13 |       0 |   0.0
            +---------+---------+-------+---------+---------+-------
